 Dungeon Crawl Stone Soup version 0.27-a0-101-g3cb999cee2 (webtiles) character file.

Game seed: 14883918446576815987

2637 kae the Grappler (level 9, -5/89 HPs)
             Began as a Troll Monk on Jan 21, 2021.
             Was an Initiate of Ru.
             Slain by a killer bee (6 damage)
             ... on level 8 of the Dungeon.
             The game lasted 00:04:12 (6057 turns).

kae the Grappler (Troll Monk)                       Turns: 6057, Time: 00:04:13

Health: -5/89      AC:  8    Str: 24    XL:     9   Next: 35%
Magic:  0/8        EV: 14    Int:  6    God:    Ru [......]
Gold:   342        SH:  0    Dex: 18    Spells: 8/8 levels left

rFire    + . .     SeeInvis .     - Unarmed
rCold    . . .     Faith    .   (no shield)
rNeg     . . .     Spirit   +   a - +1 robe
rPois    .         Reflect  .   (helmet restricted)
rElec    .         Harm     .   j - +0 cloak
rCorr    .         Rampage  .   (gloves unavailable)
Will     .....                  (boots unavailable)
Stlth    ++........             b - amulet of guardian spirit
HPRegen  0.64/turn              q - +6 ring of dexterity
MPRegen  0.11/turn              o - ring of protection from fire

@: lethally poisoned (-5 -> -25)
A: large, unfitting armour, claws 3, regeneration 1, shaggy fur 1, tough skin 3
a: Renounce Religion, Sacrifice Resistance, Sacrifice Essence, Sacrifice
Durability, Reject Sacrifices


You were on level 8 of the Dungeon.
You worshipped Ru.
Ru was noncommittal.
You visited 2 branches of the dungeon, and saw 9 of its levels.
You also visited: Sewer.

You collected 342 gold pieces.

Inventory:

Armour
 a - a +1 robe (worn)
 j - a +0 cloak (worn)
Jewellery
 b - an amulet of guardian spirit (around neck)
 e - an uncursed amulet of the acrobat
 k - an uncursed ring of positive energy
 o - a ring of protection from fire (right claw)
 p - a +6 ring of intelligence
 q - a +6 ring of dexterity (left claw)
 z - an uncursed ring of stealth
Wands
 t - a wand of acid (18)
 w - a wand of paralysis (7)
Scrolls
 g - a scroll of brand weapon {unknown}
 h - 5 scrolls of remove curse
 i - a scroll of amnesia
 s - a scroll of blinking
 u - 4 scrolls of teleportation
 v - 3 scrolls of fog
 y - a scroll of magic mapping
Potions
 c - 2 potions of mutation
 d - 2 potions of flight
 f - a potion of heal wounds
 l - 6 potions of curing
 m - a potion of attraction
 n - 2 potions of brilliance
 r - 7 potions of might
 x - a potion of magic
 A - a potion of cancellation


   Skills:
 + Level 5.9 Fighting
 + Level 5.8 Dodging
 - Level 1.0 Stealth
 * Level 9.6 Unarmed Combat


You had 8 spell levels left.
You didn't know any spells.
Your spell library contained the following spells:

 Spells                   Type           Power        Failure   Level
 Magic Dart               Conj           0%           45%         1
 Blink                    Tloc           N/A          58%         2
 Call Imp                 Summ           0%           58%         2
 Slow                     Hex            0%           58%         2
 Conjure Flame            Conj/Fire      0%           83%         3
 Mephitic Cloud           Conj/Pois/Air  0%           83%         3


Dungeon Overview and Level Annotations

Branches:
Dungeon (8/15)             Temple (1/1) D:6           Sewer (visited)
   Lair: D:8-11

Altars:
Ashenzari
Cheibriados
Dithmenos
Elyvilon
Fedhas
Gozag
Hepliaklqana
Kikubaaqudgha
Makhleb
Nemelex Xobeh
Okawaru
Qazlal
Ru
Sif Muna
Trog
Uskayaw
Vehumet
Wu Jian
Xom
Yredelemnul
Zin
The Shining One

Annotations:
D:7 2 transporters, exclusion: steam dragon, kae's ghost, novice TrMo


Innate Abilities, Weirdness & Mutations

You are too large for most types of armour.
You have claws for hands.
Your natural rate of healing is unusually fast.
You are covered in fur. (AC +1)
You have extremely tough skin. (AC +3)


Message History

The killer bee closely misses you.
* * * LOW HITPOINT WARNING * * *
You feel very sick.
The killer bee stings you but does no damage.
The killer bee stings you.
* * * LOW HITPOINT WARNING * * *
The killer bee stings you.
* * * LOW HITPOINT WARNING * * *
You are more poisoned.
The killer bee poisons you!
* * * LOW HITPOINT WARNING * * *
You feel very sick. The killer bee barely misses you.
You scratch the killer bee.
The killer bee is almost dead.
* * * LOW HITPOINT WARNING * * *
You feel sick.
The killer bee stings you but does no damage.
The killer bee stings you!
You die...

..# #.. #.# #.# #.#
####.## #########
#.....######..#..........
#..)).yy@S..............#
#...).y#####..#.###.....#
######.## #....#.#.....#
#.....# #......#.....'
#.....## #....#.#.....#
#......# #....#.#.....#
#....#.###....#.#.....#
##............#.#.....#
#.###.###....#.#.#'###


You could see 3 killer bees and an adder.

Vanquished Creatures
  An ice beast (D:7)
  An orc warrior (D:6)
  3 black bears
  2 ogres
  6 bullfrogs
  A gnoll sergeant (D:6)
  2 killer bees (D:8)
  11 wights
  5 hounds
  2 jellies
  2 orc priests
  4 orc wizards
  6 worker ants
  A hound skeleton (D:4)
  7 gnolls
  20 adders
  5 river rats (Sewer)
  A shadow imp (D:6)
  A white imp (D:6)
  An ufetubus (D:6)
  An ooze (D:3)
  3 adder skeletons
  4 dart slugs
  6 leopard geckos
  22 orcs
  13 ball pythons
  7 giant cockroaches
  5 goblins
  8 hobgoblins
  8 jackals
  4 quokkas
  8 bats
  7 frilled lizards
  A jackal skeleton (D:8)
  8 kobolds
  27 rats
214 creatures vanquished.

Notes
Turn   | Place    | Note
-------+----------+-------------------------------------------
     0 | D:1      | kae the Troll Monk began the quest for the Orb.
     0 | D:1      | Reached XP level 1. HP: 22/22 MP: 0/0
   245 | D:1      | Reached XP level 2. HP: 29/29 MP: 1/1
   551 | D:2      | Reached XP level 3. HP: 30/36 MP: 2/2
   614 | D:2      | HP: 1/36 [rat (1)]
   631 | D:2      | Reached skill level 4 in Unarmed Combat
   786 | D:2      | Reached XP level 4. HP: 44/44 MP: 3/3
  1398 | D:3      | Reached XP level 5. HP: 46/53 MP: 4/4
  2094 | D:4      | Reached skill level 5 in Unarmed Combat
  2116 | D:4      | Reached XP level 6. HP: 20/61 MP: 5/5
  2490 | D:5      | Entered Level 5 of the Dungeon
  2599 | D:5      | Reached skill level 6 in Unarmed Combat
  2602 | D:5      | Found a glowing drain.
  2632 | D:5      | Reached XP level 7. HP: 55/68 MP: 6/6
  2645 | Sewer    | Entered a sewer
  3287 | D:5      | Found a shimmering altar of Xom.
  3301 | D:5      | Reached skill level 7 in Unarmed Combat
  3602 | D:6      | Reached XP level 8. HP: 75/79 MP: 7/7
  3863 | D:6      | Reached skill level 5 in Fighting
  3863 | D:6      | Reached skill level 5 in Dodging
  3863 | D:6      | Reached skill level 8 in Unarmed Combat
  3895 | D:6      | Found a shimmering altar of Xom.
  4294 | D:6      | Found a staircase to the Ecumenical Temple.
  4384 | D:6      | Reached XP level 9. HP: 88/88 MP: 8/8
  4413 | Temple   | Entered the Ecumenical Temple
  4467 | Temple   | Became a worshipper of Ru the Awakened
  4843 | D:6      | Found a basalt altar of Yredelemnul.
  5123 | D:7      | Reached skill level 9 in Unarmed Combat
  5260 | D:7      | Found a transporter.
  5264 | D:7      | Noticed kae's ghost (novice TrMo)
  5395 | D:7      | Found a transporter.
  6056 | D:8      | HP: 2/89 [poisoned by a killer bee]
  6057 | D:8      | Slain by a killer bee

Illustrated notes

Levels and vault maps discovered:
D:1:      dpeg_arrival_simpleton_c, layout_basic
D:2:      wad_crossroads, layout_basic, corner_web_ring
D:3:      minmay_angry_zag, layout_basic, minmay_misc_feat_diagonals
D:4:      layout_rooms
D:5:      layout_basic, gup_sewer_entry_glass, basic_altar
D:6:      layout_loops_ring, tgw_xom, minmay_temple_entry_nine_rooms,
          yredelemnul_altar_generic
D:7:      kennysheep_steamy, layout_loops_corners, gammafunk_ghost_stat_death
D:8:      layout_basic, kennysheep_generic_room_14, uniq_prince_ribbit1
Temple:   nicolae_temple_the_god_donut

Skill      XL: |  1  2  3  4  5  6  7  8  9 |
---------------+----------------------------+-----
Unarmed Combat | 4 5 6 7 8 9 |  9.6
Fighting       | 3 4 5 |  5.9
Dodging        | 3 4 5 |  5.8
Stealth        | |  1.0

Action                   |  1- 3 |  4- 6 |  7- 9 || total
-------------------------+-------+-------+-------++-------
Melee: Unarmed           |    76 |   197 |   313 ||   586
       Punch             |       |     3 |    11 ||    14
  Use: Potion            |     2 |       |     2 ||     4
       Scroll            |       |    11 |     7 ||    18
 Stab: Sleeping          |     3 |     9 |     4 ||    16
       Distracted        |       |     1 |       ||     1
       Invisible         |       |       |     5 ||     5
Armor: Robe              |    33 |    79 |   106 ||   218
Dodge: Dodged            |    33 |   118 |   261 ||   412

Table legend: (Time is in decaauts)
 A = Elapsed time spent in this place.
 B = Non-inter-level travel time spent in this place.
 C = Inter-level travel time spent in this place.
 D = Time resting spent in this place.
 E = Time spent auto-exploring this place.
 F = Levels seen in this place.
 G = Mean time per level.
                   A        B        C        D        E       F      G
               +--------+--------+--------+--------+--------+-----+--------+
         Total |   6037 |   5710 |    327 |    177 |   4341 |  10 |  603.7 |
       Dungeon |   5265 |   4982 |    283 |    165 |   3837 |   8 |  658.1 |
        Temple |    289 |    246 |     43 |      0 |    241 |   1 |  289.0 |
         Sewer |    481 |    481 |      0 |     12 |    263 |   1 |  481.0 |
               +--------+--------+--------+--------+--------+-----+--------+

Top non-repeatable levels by time:
     D:6: 1163 daAuts
     D:7: 796 daAuts
     D:2: 771 daAuts
     D:3: 683 daAuts
     D:5: 639 daAuts
     D:1: 521 daAuts
     D:4: 494 daAuts
   Sewer: 481 daAuts
  Temple: 289 daAuts
     D:8: 196 daAuts
